 Dungeon Crawl Stone Soup version 0.32-a0-859-gb0a091d592 (webtiles) character file.

Game seed: 14184757120955827266

1950 mdonais the Magician (level 9, -1/58 HPs)
             Began as an Octopode Wanderer on Mar 27, 2024.
             Was an Initiate of Hepliaklqana.
             Killed by divine providence
             ... invoked by an orc priest
              (14 damage)
             ... on level 6 of the Dungeon.
             The game lasted 00:25:11 (6973 turns).

mdonais the Magician (Octopode Wanderer)            Turns: 6973, Time: 00:25:12

Health: -1/58      AC:  1    Str: 10    XL:     9   Next: 18%
Magic:  3/18       EV: 27    Int: 23    God:    Hepliaklqana [......]
Gold:   54         SH:  0    Dex:  8    Spells: 11/20 levels left

rFire   . . .        x - +1 dagger (venom)
rCold   + . .        (no shield)
rNeg    . . .        (helmet restricted)
rPois   .            d - amulet of the acrobat
rElec   .            c - ring of protection from cold
rCorr   .            (no ring)
SInv    .            (no ring)
Will    .....        (no ring)
Stlth   ++           (no ring)
HPRegen 0.29/turn    (no ring)
MPRegen 0.16/turn    (no ring)
                     (no ring)

%: acrobat
@: confused, on berserk cooldown, acrobatic, hasted and slowed
A: almost no armour, amphibious, 8 rings, camouflage 1, gelatinous body 1,
(nimble swimmer 1), tentacles
a: Renounce Religion


You were on level 6 of the Dungeon.
You worshipped Hepliaklqana.
Hepliaklqana was noncommittal.
You visited 2 branches of the dungeon, and saw 7 of its levels.

You collected 138 gold pieces.
You spent 84 gold pieces at shops.

Inventory:

Hand Weapons
 h - a +1 dagger of electrocution
   (You took it off a goblin on level 1 of the Dungeon)
 j - a +1 trident of venom
   (You took it off a gnoll sergeant on level 5 of the Dungeon)
 x - a +1 dagger of venom (weapon)
   (You took it off an orc wizard on level 6 of the Dungeon)
Missiles
 f - 11 poisoned darts (quivered)
 t - 3 boomerangs
 v - 3 javelins
 F - a curare-tipped dart
 K - 4 darts of dispersal
Jewellery
 c - a ring of protection from cold (left tentacle)
   (You found it on level 3 of the Dungeon)
 d - an amulet of the acrobat (around mantle)
   (You found it on level 4 of the Dungeon)
 r - an amulet of regeneration
   (You found it on level 5 of the Dungeon)
Wands
 o - a wand of polymorph (6)
Scrolls
 a - 2 scrolls of fear
 e - a scroll of noise
 i - a scroll of fog
 k - 2 scrolls of enchant armour {unknown}
 n - a scroll of silence {unknown}
 p - a scroll of acquirement {unknown}
 s - a scroll of poison {unknown}
 u - a scroll of immolation {unknown}
 T - a scroll of teleportation
Potions
 b - a potion of lignification
 g - a potion of invisibility {unknown}
 m - 3 potions of might
 q - a potion of berserk rage
 w - 2 potions of brilliance {unknown}
 H - a potion of haste


   Skills:
 - Level 4.0 Fighting
 - Level 2.0 Dodging
 - Level 5.0 Stealth
 - Level 6.0 Spellcasting
 - Level 5.0 Conjurations
 + Level 3.4 Air Magic
 - Level 5.0 Earth Magic
 - Level 3.2 Alchemy
 - Level 3.2 Evocations


You had 11 spell levels left.
You knew the following spells:

 Your Spells              Type           Power      Damage    Failure   Level
a - Shock                 Conj/Air       100%       1d9       1%          1
b - Mercury Vapours       Alch/Air       44%        N/A       3%          2
c - Mephitic Cloud        Conj/Alch/Air  24%        N/A       4%          3
d - Stone Arrow           Conj/Erth      58%        3d10      3%          3

Your spell library contained the following spells:

 Spells                   Type           Power      Damage    Failure   Level
 Cigotuvi's Dreadful Rot  Necr/Alch/Air  34%        N/A       4%          2
 Vhi's Electric Charge    Tloc/Air       28%        N/A       38%         4
 Arcjolt                  Conj/Air       13%        1d23      38%         5
 Dispel Undead            Necr           6%         3d8       63%         4
 Martyr's Knell           Necr/Summ      6%         N/A       63%         4
 Plasma Beam              Fire/Air       7%         2x1d17    100%        6


Dungeon Overview and Level Annotations

Branches:
Dungeon (6/15) Zot: 26211  Temple (1/1) D:5 Zot: 5998

Altars:
Cheibriados
Dithmenos
Fedhas
Hepliaklqana
Makhleb
Okawaru
Qazlal
Ru
Sif Muna
Trog
Uskayaw
Wu Jian
Zin
The Shining One

Shops:
D:4 ?

Portals:
Abyss: D:5

Annotations:
D:5 2 transporters, warriortoast's ghost, novice OpSh


Innate Abilities, Weirdness & Mutations

You cannot wear most types of armour.
You are amphibious.
You can wear up to eight rings at the same time.
Your skin changes colour to match your surroundings (Stealth+).
Your rubbery body absorbs attacks. (AC +1, EV +1)
((You are camouflaged when in or above water. (Stealth+)))
You have tentacles for arms and can constrict up to eight enemies at once.


Message History

Confirm with . or Enter, or press ? or * to list all spells.
Aiming: Mercury Vapours (safe; 3% risk of failure)
Press: ? - help, Dir - move target Fumes of mercury billow through the air!
The gnoll sergeant looks weaker.
The gnoll sergeant shouts!
You hear a shout! x3
You now have 8/17 mp.
Casting: Mercury Vapours (safe; 3% risk of failure)
Confirm with . or Enter, or press ? or * to list all spells.
Aiming: Mercury Vapours (safe; 3% risk of failure)
Press: ? - help, Dir - move target, f - gnoll sergeant
Aim: a gnoll sergeant, wielding a +0 trident, wearing a +0 scale mail and wearing a +0 buckler (weak, chance to weaken: 100%) Fumes of mercury billow around the gnoll sergeant!
The gnoll sergeant is poisoned.
The gnoll sergeant looks even weaker.
Health restored: 58 You now have 6/17 mp.
Casting: Mercury Vapours (safe; 3% risk of failure)
Confirm with . or Enter, or press ? or * to list all spells.
Aiming: Mephitic Cloud (dangerous; 5% risk of failure)
Press: ? - help, Shift-Dir - straight line, f/p - gnoll sergeant
Aim: a gnoll sergeant, wielding a +0 trident, wearing a +0 scale mail and wearing a +0 buckler (very poisoned, weak, chance to affect: 81%)
The ball explodes into a vile cloud!
The stinking cloud engulfs the gnoll sergeant.
You hear a shout!
The gnoll sergeant is engulfed in noxious fumes.
The gnoll sergeant appears confused.
You now have 3/17 mp.
You hit the gnoll sergeant but do no damage.
The gnoll sergeant looks as sick as possible!
You grab the gnoll sergeant. You squeeze the gnoll sergeant.
The gnoll sergeant is moderately wounded.
You constrict the gnoll sergeant.
A gnoll comes into view. It is wielding a +0 club.
The gnoll sergeant hits you with a +0 trident.
You take 5 damage, and have 53/58 hp.
You hit the gnoll sergeant but do no damage.
The gnoll sergeant looks as sick as possible!
You squeeze the gnoll sergeant.
The gnoll sergeant is heavily wounded.
You constrict the gnoll sergeant!
You kill the gnoll sergeant!
Training target 6.0 for Spellcasting reached!
Your Spellcasting skill increases to level 6!
You need to enable at least one skill for training.
Casting: Mephitic Cloud (dangerous; 5% risk of failure)
Confirm with . or Enter, or press ? or * to list all spells.
Aiming: Mercury Vapours (safe; 3% risk of failure)
Press: ? - help, Dir - move target, f - gnoll
Aim: a gnoll, wielding a +0 club (chance to weaken: 100%) Fumes of mercury billow around the gnoll!
The gnoll is poisoned.
The gnoll looks weaker.
A gnoll comes into view. It is wielding a +0 whip.
You now have 1/18 mp.
Casting: Mercury Vapours (safe; 3% risk of failure)
Confirm with . or Enter, or press ? or * to list all spells.
Aiming: Mercury Vapours (safe; 3% risk of failure)
Press: ? - help, Dir - move target, f/p - gnoll
Aim: a gnoll, wielding a +0 club (severely wounded, very poisoned, weak, chance to weaken: 100%) Fumes of mercury billow around the gnoll!
The gnoll looks even sicker.
The gnoll looks even weaker.
The gnoll is no longer weakened.
You now have 0/18 mp.
The gnoll is engulfed in noxious fumes.
The gnoll appears confused.
You hit the gnoll. You grab the gnoll. You squeeze the gnoll.
The gnoll is severely wounded.
You constrict the gnoll!
You kill the gnoll!
Casting: Mercury Vapours (safe; 3% risk of failure)
Confirm with . or Enter, or press ? or * to list all spells.
You don't have enough magic to cast this spell.
Unknown command.
Throw: 13 darts (poison)
Press: ? - help, Q - select action, (/) - cycle Shift-Dir - straight line, f - gnoll
Aim: a gnoll, wielding a +0 whip (56% to hit)
You throw a poisoned dart. The poisoned dart hits the gnoll.
Throw: 12 darts (poison)
Press: ? - help, Q - select action, (/) - cycle Shift-Dir - straight line, f/p - gnoll
Aim: a gnoll, wielding a +0 whip (56% to hit)
You throw a poisoned dart. The poisoned dart hits the gnoll.
You hit the gnoll but do no damage.
The gnoll is poisoned.
Your grab misses the gnoll. The gnoll closely misses you.
You barely miss the gnoll. Your grab misses the gnoll.
The gnoll hits you with a +0 whip.
You take 3 damage, and have 54/58 hp.
You hit the gnoll. You grab the gnoll. You squeeze the gnoll.
The gnoll is moderately wounded.
You constrict the gnoll. The gnoll hits you with a +0 whip.
An orc wizard comes into view. It is wielding a +0 dagger.
You take 2 damage, and have 52/58 hp.
You hit the gnoll.
You kill the gnoll!
The orc wizard casts a spell at you.
You are confused.
Items here: ))) [[[ ÷ †.
An orc comes into view. It is wielding a +0 whip.
An orc and an orc priest come into view.
The orc shouts! x2; The orc priest shouts!
The orc wizard gestures at you while chanting.
The puff of flame hits you!
You take 8 damage, and have 45/58 hp.
The orc priest mumbles some strange prayers to Beogh against you.
Beogh smites you!
You see here a poisoned dart.
You take 12 damage, and have 33/58 hp.
MASSIVE DAMAGE!!
It was a potion of haste.
You feel yourself speed up.
H - a potion of haste You barely miss the orc wizard.
The orc wizard barely misses you.
The orc priest mumbles some strange prayers to Beogh against you.
Beogh smites you!
You take 11 damage, and have 22/58 hp.
It was a potion of berserk rage.
A red film seems to cover your vision as you go berserk!
You feel yourself moving faster!
You feel mighty!
You now have 34/87 hp.
You bump into the rock wall.
You feel a strong urge to attack something.
You feel less confused.
The orc wizard sings a few bars from the Orcish anthem.
The orc wizard hits you but does no damage.
You hit the orc wizard. Your grab misses the orc wizard.
Your squeeze misses the orc wizard.
The orc wizard is heavily wounded.
You hit the orc wizard.
The orc wizard is poisoned.
Your grab misses the orc wizard.
The orc wizard is severely wounded.
An orc priest comes into view. It is wielding a +0 flail.
The orc wizard points at you and mumbles some strange words.
You are confused.
You puncture the orc wizard!
You kill the orc wizard!
The orc priest calls down the wrath of Beogh upon you.
Beogh smites you! The orc barely misses you.
You take 7 damage, and have 28/87 hp.
You bump into the rock wall.
You bump into the rock wall.
You feel a strong urge to attack something.
The orc priest invokes the aid of Beogh against you.
Pain shoots through your body!
* * * LOW HITPOINT WARNING * * *
The orc hits you with a +0 whip.
* * * LOW HITPOINT WARNING * * *
You take 8 damage, and have 20/87 hp.
You are no longer berserk.
You are exhausted.
You feel yourself slow down.
The orc priest miscasts a cantrip.
The orc priest invokes the aid of Beogh against you.
Beogh smites you!
You die...
Hepliaklqana delivers you to your ancestors.

.......#.# #.# ........##
#.# #.....<.###.# ...#.
#..[.....##.# .#....
###.........# ......#
##).......## ...P...
#....#....###
....)..####....[........
PP.......####@<÷.>.......
...P...#.###.))....[.....
_..........#oo...........
...P.#.oo..oo............
...P.##.o..........>.....
........................
PPP.......##...........
[.........##...........
##.#####....#....#.####


You could see 2 orc priests and 2 orcs.

Vanquished Creatures
  Maggie (D:6)
  A water moccasin (D:6)
  2 ogres
  3 phantoms
  2 centaurs (D:6)
  A kobold brigand (D:5)
  Blork the orc (D:6)
  3 scorpions
  2 gnoll sergeants
  A jelly (D:4)
  A bombardier beetle (D:3)
  5 hounds
  2 iguanas
  3 orc wizards (D:6)
  10 gnolls
  4 adders
  3 white imps
  An adder skeleton (D:2)
  3 dart slugs (D:1)
  2 ribbon worms (D:2)
  9 orcs
  9 ball pythons
  3 endoplasms (D:2)
  A giant cockroach (D:3)
  6 goblins
  8 hobgoblins
  2 jackals (D:2)
  6 kobolds
  5 quokkas
  3 bats
  A frilled lizard (D:3)
  6 rats
110 creatures vanquished.

Notes
Turn   | Place    | Note
-------+----------+-------------------------------------------
     0 | D:1      | mdonais the Octopode Wanderer began the quest for the Orb.
     0 | D:1      | mdonais set off with the following items: a +0 club, a
                  | potion of lignification, a wand of polymorph (6); and the
                  | following spell memorised: Shock; and the following spells
                  | available to memorise: Mercury Vapours, Cigotuvi's Dreadful
                  | Rot, Mephitic Cloud, Stone Arrow.
     0 | D:1      | Reached XP level 1. HP: 11/11 MP: 2/2
    39 | D:1      | Reached skill level 1 in Stealth
   192 | D:1      | Reached XP level 2. HP: 17/17 MP: 1/3
   274 | D:1      | Learned a level 2 spell: Mercury Vapours
   799 | D:2      | Found a stormy altar of Qazlal.
   915 | D:2      | Reached XP level 3. HP: 18/22 MP: 2/4
   977 | D:2      | Reached skill level 1 in Air Magic
  1168 | D:2      | Identified the +1 plate armour of Honesty {rC++ rN+ Str+4}
  1177 | D:2      | Reached skill level 1 in Fighting
  1606 | D:2      | Found a faded altar of an unknown god.
  1628 | D:2      | Reached XP level 4. HP: 28/28 MP: 0/6
  1692 | D:2      | Learned a level 3 spell: Mephitic Cloud
  2003 | D:2      | Reached skill level 2 in Spellcasting
  2647 | D:3      | Noticed an ogre
  2824 | D:2      | Reached XP level 5. HP: 20/34 MP: 0/8
  3142 | D:3      | Killed an ogre
  3143 | D:3      | Reached skill level 3 in Spellcasting
  3143 | D:3      | Reached XP level 6. HP: 39/39 MP: 0/10
  3318 | D:3      | You fall into a shaft and drop 1 floor!
  3329 | D:4      | Noticed a water moccasin
  3734 | D:3      | Found a shimmering blue altar of Sif Muna.
  3976 | D:4      | Found a shadowy altar of Dithmenos.
  4017 | D:4      | Found Qedolake's Magic Scroll Shoppe.
  4025 | D:4      | Bought a scroll of fear for 48 gold pieces
  4025 | D:4      | Bought a scroll of teleportation for 36 gold pieces
  4148 | D:4      | Reached XP level 7. HP: 33/45 MP: 2/12
  4249 | D:4      | Found a bloodstained altar of Trog.
  4474 | D:4      | Reached skill level 4 in Spellcasting
  4478 | D:4      | Learned a level 3 spell: Stone Arrow
  4547 | D:4      | Found a hazy altar of Hepliaklqana.
  4552 | D:4      | Became a worshipper of Hepliaklqana the Forgotten
  4643 | D:5      | Entered Level 5 of the Dungeon
  4651 | D:5      | Reached skill level 1 in Earth Magic
  4885 | D:5      | Noticed a small abomination
  5015 | D:5      | Found a transporter.
  5017 | D:5      | Found a one-way gate to the infinite horrors of the Abyss.
  5017 | D:5      | Noticed warriortoast's ghost (novice OpSh)
  5037 | D:5      | Found a glowing silver altar of Zin.
  5362 | D:5      | Found a transporter.
  5509 | D:5      | Reached XP level 8. HP: 45/52 MP: 8/14
  5570 | D:5      | Reached skill level 5 in Conjurations
  5700 | D:5      | Found a staircase to the Ecumenical Temple.
  5717 | Temple   | Entered the Ecumenical Temple
  6187 | D:6      | Noticed Maggie
  6197 | D:6      | Killed Maggie
  6198 | D:6      | Reached skill level 5 in Spellcasting
  6395 | D:6      | Found a stormy altar of Qazlal.
  6405 | D:6      | Reached skill level 5 in Stealth
  6525 | D:6      | Noticed Blork the orc
  6679 | D:6      | Reached XP level 9. HP: 40/58 MP: 6/17
  6861 | D:6      | Found an iron altar of Okawaru.
  6871 | D:6      | Killed Blork the orc
  6872 | D:6      | Reached skill level 5 in Earth Magic
  6945 | D:6      | Reached skill level 6 in Spellcasting
  6973 | D:6      | Killed from afar by an orc priest

Illustrated notes

Levels and vault maps discovered:
D:1:      dpeg_arrival_orchard, layout_rooms, chequers_serial_rivers_small_a,
          minmay_misc_feat_cross
D:2:      layout_loops_corners, serial_undead, serial_undead_e, serial_undead_d,
          serial_undead_e, serial_undead_c,
          hellmonk_ecumenical_altar_inner_sanctum, basic_altar
D:3:      layout_basic, lemuel_tele_altar
D:4:      layout_basic, lemuel_doored_altar, mainiacjoe_overflow_alcove_4,
          nicolae_dithmenos_shadow_blocks, serial_shops,
          nicolae_shop_tiny_statue_garden
D:5:      layout_basic, zin_scriptorium, minmay_temple_entry_gardened_gates,
          gammafunk_ghost_abyssal_escape
D:6:      minmay_chambers_of_threes, layout_rooms, grunt_qazlal_sundering,
          nicolae_overflow_hidden_temple, mainiacjoe_overflow_divided_tiny,
          mainiacjoe_overflow_cross_hatched, general_overflow_altar,
          uniq_maggie, uniq_blork_the_orc
Temple:   nicolae_temple_ecumenical_triangle

Skill      XL: |  1  2  3  4  5  6  7  8  9 |
---------------+----------------------------+-----
Stealth        | 2 3 4 5 |  5.0
Air Magic      | 1 2 3 |  3.4
Fighting       | 1 2 3 4 |  4.0
Spellcasting   | 2 3 4 5 6 |  6.0
Conjurations   | 4 5 |  5.0
Earth Magic    | 3 4 5 |  5.0
Dodging        | 2 |  2.0
Alchemy        | |  3.2
Evocations     | |  3.2

Action                     |  1- 3 |  4- 6 |  7- 9 || total
---------------------------+-------+-------+-------++-------
  Melee: Club              |     4 |       |       ||     4
         Constrict         |     5 |     8 |    22 ||    35
         Dagger            |    14 |    24 |    73 ||   111
         Tentacles         |     2 |     6 |    20 ||    28
  Throw: Boomerang         |       |     1 |     2 ||     3
         Dart              |       |       |     5 ||     5
         Javelin           |       |       |     1 ||     1
   Cast: Shock             |    62 |    91 |    60 ||   213
         Mercury Vapours   |       |    15 |    30 ||    45
         Mephitic Cloud    |       |     3 |     6 ||     9
         Stone Arrow       |       |       |    16 ||    16
    Use: Scroll            |       |     4 |     4 ||     8
         Potion            |       |     1 |     2 ||     3
   Stab: Sleeping          |       |       |     1 ||     1
 Armour: Skin              |    10 |    18 |    56 ||    84
  Dodge: Dodged            |     9 |    11 |    46 ||    66

Table legend: (Time is in decaauts)
 A = Elapsed time spent in this place.
 B = Non-inter-level travel time spent in this place.
 C = Inter-level travel time spent in this place.
 D = Time resting spent in this place.
 E = Time spent auto-exploring this place.
 F = Levels seen in this place.
 G = Mean time per level.
                   A        B        C        D        E       F      G
               +--------+--------+--------+--------+--------+-----+--------+
         Total |   6982 |   6645 |    337 |   1302 |   4183 |   7 |  997.4 |
       Dungeon |   6980 |   6643 |    337 |   1302 |   4183 |   6 | 1163.3 |
        Temple |      1 |      1 |      0 |      0 |      0 |   1 |    1.0 |
               +--------+--------+--------+--------+--------+-----+--------+

Top non-repeatable levels by time:
     D:5: 2034 daAuts
     D:2: 1686 daAuts
     D:3: 1156 daAuts
     D:4: 982 daAuts
     D:1: 820 daAuts
     D:6: 300 daAuts
  Temple: 1 daAuts
